cohdb
Replays
Latest Replays
All Replays
Popular Replays
Top Player Replays
Match Explorer
How It Works
Community
CoH3 Stats
Reddit
Sign in to upload your games and track your stats! →
Sign in with Steam
Match 43638273
Unlisted
Match 43638273
Overview
Messages
Build Orders
End
Kradschützen Motorcycle Team
Selects Italian Infantry
Panzergrenadier Squad
Panzergrenadier Squad
250 Light Carrier
Construct Light Support Kompanie
Combat Half-tracks
Construct Mechanized Kompanie
Selects Guastatori Squad
Panzerjäger Mechanized Group
Guastatori Squad
254 Reconnaissance Tractor
2.5-tonne Medical Truck
Selects Registered Artillery
Construct Panzerarmee Kommand
Selects Defensive Operations
Marder III Tank Destroyer
Walking Stuka Rocket Launcher
Marder III Tank Destroyer
Selects Territory Booby Traps
Registered Artillery
Selects Obice 305mm Barrage
Obice 305mm Barrage
Flak 36 Anti-tank Gun Team
Obice 305mm Barrage
Registered Artillery
laytovskiy
robwarrior
0
0
Comments
sign in to comment!
No comments posted yet!